 Dungeon Crawl Stone Soup version 0.30-b1-2-g02819fbbbe (webtiles) character file.

Game seed: 10683496428169920560

55 Sybirions the Conjurer (level 3, 0/21 HPs)
             Began as a Tengu Reaver on Dec 7, 2023.
             Succumbed to an adder's poison
             ... on level 3 of the Dungeon.
             The game lasted 00:10:00 (1602 turns).

Sybirions the Conjurer (Tengu Reaver)               Turns: 1602, Time: 00:10:01

Health: 0/21       AC:  3    Str: 14    XL:     3   Next: 93%
Magic:  7/7        EV: 12    Int: 13    God:
Gold:   158        SH:  0    Dex: 12    Spells: 5/6 levels left

rFire   . . .        a - +0 falchion
rCold   . . .        (no shield)
rNeg    . . .        b - +0 leather armour
rPois   .            (helmet restricted)
rElec   .            (no cloak)
rCorr   .            (no gloves)
SInv    +            (boots unavailable)
Will    .....        (no amulet)
Stlth   +            g - ring of see invisible
HPRegen 0.23/turn    (no ring)
MPRegen 0.10/turn

%: no passive effects
@: lethally poisoned (0 -> 0)
A: beak, talons 3
a: no special abilities


You were on level 3 of the Dungeon.
You visited 1 branch of the dungeon, and saw 3 of its levels.

You collected 158 gold pieces.

Inventory:

Hand Weapons
 a - a +0 falchion (weapon)
 h - a +0 rapier
Armour
 b - a +0 leather armour (worn)
 m - a +0 leather armour
 o - a +0 ring mail
Jewellery
 e - a ring of willpower
 f - a ring of willpower
 g - a ring of see invisible (left hand)
Wands
 p - a wand of digging (6)
Scrolls
 c - a scroll of fog {unknown}
 i - a scroll of teleportation {unknown}
 j - a scroll of magic mapping {unknown}
 k - a scroll of blinking {unknown}
 l - a scroll of enchant weapon {unknown}
 n - a scroll of identify {unknown}
Potions
 d - a potion of heal wounds {unknown}


   Skills:
 + Level 2.2 Fighting
 + Level 4.1 Long Blades
 + Level 0.8 Armour
 + Level 2.5 Dodging
 + Level 2.1 Spellcasting
 + Level 4.7 Conjurations


You had 5 spell levels left.
You knew the following spells:

 Your Spells              Type           Power      Damage    Failure   Level
a - Kiss of Death         Conj/Necr      28%        2d7       12%         1

Your spell library contained the following spells:

 Spells                   Type           Power      Damage    Failure   Level
 Momentum Strike          Conj/Tloc      14%        3d8       19%         2
 Hailstorm                Conj/Ice       7%         3d4       34%         3


Dungeon Overview and Level Annotations

Branches:
Dungeon (3/15)

Altars:


Innate Abilities, Weirdness & Mutations

You have a beak for a mouth.
You have claws for feet.


Message History

You feel sick.
There is a stone staircase leading down here.
You feel sick.
Found a mace.
You feel sick. The adder attacks as you move away! The adder bites you.
You feel sick.
You are no longer poisoned.
The adder barely misses you.
You closely miss the adder. You claw the adder, but do no damage.
The adder bites you. The adder bites you but does no damage.
You hit the adder.
The adder is moderately wounded.
The adder misses you.
You miss the adder. Your kick misses the adder.
The adder is moderately wounded.
The adder bites you but does no damage. The adder barely misses you.
You closely miss the adder.
The adder is moderately wounded.
The adder closely misses you.
You miss the adder. Your kick misses the adder.
The adder is moderately wounded.
The adder bites you.
You are poisoned.
The adder poisons you!
You closely miss the adder.
The adder is moderately wounded.
You feel sick. The adder bites you.
* * * LOW HITPOINT WARNING * * *
The adder bites you.
* * * LOW HITPOINT WARNING * * *
You hit the adder. Your kick misses the adder. Your peck misses the adder.
The adder is heavily wounded.
You feel sick. The adder barely misses you.
You miss the adder. You claw the adder. Your peck misses the adder.
The adder is severely wounded.
You feel sick. The adder bites you.
* * * LOW HITPOINT WARNING * * *
The adder closely misses you.
You slash the adder!
You kill the adder!
You die...

#.####.##.#.# #.#
#............ #)#
#.........#.# #.#
#.###..#..#.# #.#
#.###......<.
###.###
#...<.....#.#
.....#
#.###.##.##.# ..
#######.#.# #
#.##.##.#
....###...>...†@#
#.##.##..
#.....<.......###
#.##.#
###.###.#######
#.# #.# #.# #.#
#.# #.#######
#.......###
#####.....#
#####....##.#####


There were no monsters in sight!

Vanquished Creatures
  2 adders (D:3)
  2 worms (D:2)
  A dart slug (D:1)
  7 ball pythons
  3 bats
  An endoplasm (D:2)
  4 giant cockroaches
  3 goblins
  7 hobgoblins
  A frilled lizard (D:1)
  A kobold (D:2)
  4 rats
36 creatures vanquished.

Vanquished Creatures (others)
  4 fungi (D:1)
4 creatures vanquished.

Grand Total: 40 creatures vanquished

Notes
Turn   | Place    | Note
-------+----------+-------------------------------------------
     0 | D:1      | Sybirions the Tengu Reaver began the quest for the Orb.
     0 | D:1      | Reached XP level 1. HP: 12/12 MP: 4/4
   191 | D:1      | Reached XP level 2. HP: 13/17 MP: 6/6
   425 | D:1      | Found a faded altar of an unknown god.
   889 | D:1      | Reached XP level 3. HP: 19/21 MP: 7/7
  1601 | D:3      | HP: 1/21 [adder (1)]
  1602 | D:3      | Succumbed to an adder's poison

Illustrated notes

Levels and vault maps discovered:
D:1:      dpeg_arrival_prison, layout_loops_ring,
          chequers_ecumenical_altar_simple_redux, chequers_hall_statues_y,
          minmay_cut_off
D:2:      layout_rooms
D:3:      layout_loops_ring, item_on_display_a

Skill      XL: |  1  2  3 |
---------------+----------+-----
Long Blades    | 4 |  4.1
Fighting       | |  2.2
Armour         | |  0.8
Dodging        | |  2.5
Spellcasting   | |  2.1
Conjurations   | |  4.7

Action                     || total
---------------------------++-------
  Melee: Falchion          ||   103
         Kick              ||    25
         Peck              ||    17
 Armour: Leather armour    ||    33
  Dodge: Dodged            ||    75
